 Dungeon Crawl Stone Soup version 0.31.0-32-g396128a36d (webtiles) character file.

Game seed: 11072991224226778170

111452 infcreate the Devastator (level 16, -1/80 HPs)
             Began as a Deep Elf Conjurer on Apr 12, 2024.
             Was the Champion of Vehumet.
             Slain by a four-headed hydra (12 damage)
             ... on level 1 of the Swamp on Apr 13, 2024.
             The game lasted 01:47:18 (34401 turns).

infcreate the Devastator (Deep Elf Conjurer)       Turns: 34401, Time: 01:47:19

Health: -1/80      AC: 12    Str:  4    XL:     16   Next: 9%
Magic:  35/35      EV: 17    Int: 37    God:    Vehumet [******]
Gold:   1985       SH:  7    Dex: 13    Spells: 7/41 levels left

rFire   + . .        P - staff of conjuration
rCold   . . .        M - +1 buckler "Bokith" {Int+5}
rNeg    . . .        T - +1 leather armour {rF+}
rPois   +            Z - +0 helmet {SInv}
rElec   .            (no cloak)
rCorr   .            R - +1 pair of gloves
SInv    +            (no boots)
Will    +....        N - amulet of the acrobat
Stlth   ++           n - ring of poison resistance
HPRegen 0.33/turn    O - +4 ring of protection
MPRegen 0.24/turn

%: acrobat
@: no status effects
A: no striking features
a: Renounce Religion


You were on level 1 of the Swamp.
You worshipped Vehumet.
Vehumet was exalted by your worship.
You visited 5 branches of the dungeon, and saw 24 of its levels.
You also visited: Ossuary.

You collected 3427 gold pieces.
You spent 1442 gold pieces at shops.

Inventory:

Missiles
 d - 2 throwing nets
Armour
 c - a +2 leather armour of cold resistance
 l - an orb of mayhem
 q - a +1 leather armour of willpower
 M - the +1 buckler "Bokith" (worn) {Int+5}
   (You found it on level 8 of the Dungeon)

   Int+5:     It affects your intelligence (+5).
 R - a +1 pair of gloves (worn)
 T - a +1 leather armour of fire resistance (worn)
 Y - a +2 troll leather armour {Snorg}
 Z - a +0 helmet of see invisible (worn)
Magical Staves
 h - a staff of fire
 P - a staff of conjuration (weapon)
Jewellery
 i - a ring of wizardry
 n - a ring of poison resistance (left hand)
 o - a ring of positive energy
 D - a ring of willpower
 G - a ring of magical power
 H - a ring of ice
 N - an amulet of the acrobat (around neck)
 O - a +4 ring of protection (right hand)
 Q - a ring of positive energy
 U - a +4 ring of slaying
 V - a ring of fire
Wands
 a - a wand of paralysis (16)
 A - a wand of iceblast (18)
 K - a wand of acid (7)
Scrolls
 j - 2 scrolls of identify
 k - 4 scrolls of poison
 p - 3 scrolls of amnesia
 r - 2 scrolls of torment
 t - 2 scrolls of immolation
 v - a scroll of enchant weapon
 B - 3 scrolls of silence
 E - 7 scrolls of fear
 I - 6 scrolls of teleportation
 J - 3 scrolls of fog
 S - a scroll of vulnerability
 W - 4 scrolls of revelation
Potions
 b - 2 potions of magic
 e - 13 potions of curing
 f - 10 potions of brilliance
 g - 3 potions of lignification
 m - 4 potions of ambrosia
 s - a potion of mutation
 u - 5 potions of cancellation
 w - 10 potions of enlightenment
 x - 3 potions of heal wounds
 z - 3 potions of might
 C - 8 potions of haste
 F - 4 potions of attraction
 L - 2 potions of invisibility
Miscellaneous
 y - a phial of floods
 X - a sack of spiders


   Skills:
 - Level 1.6 Fighting
 + Level 7.0 Armour
 + Level 15.9 Dodging
 - Level 2.4 Stealth
 - Level 8.0 Shields
 - Level 13.0 Spellcasting
 * Level 20.4 Conjurations
 - Level 4.7 Hexes
 + Level 5.9 Summonings
 - Level 4.0 Translocations
 - Level 4.5 Fire Magic
 - Level 4.0 Alchemy


You had 7 spell levels left.
You knew the following spells:

 Your Spells              Type           Power      Damage    Failure   Level
a - Magic Dart            Conj           100%       1d8       0%          1
b - Searing Ray           Conj           100%       2d8       0%          2
c - Fulminant Prism       Conj/Alch      53%        3d22      1%          4
d - Iskenderun's Mystic   Conj/Tloc      100%       2d19      1%          4
e - Starburst             Conj/Fire      54%        6d15      1%          6
f - Spellforged Servitor  Conj/Summ      55%        N/A       4%          7
g - Freezing Cloud        Conj/Ice/Air   42%        6-21      2%          5
h - Yara's Violent Unrav  Hex/Alch       27%        3d12      5%          5

Your spell library contained the following spells:

 Spells                   Type           Power      Damage    Failure   Level
 Irradiate                Conj/Alch      53%        3d29      1%          5
 Apportation              Tloc           100%       N/A       1%          1
 Foxfire                  Conj/Fire      100%       2x1d9     1%          1
 Kiss of Death            Conj/Necr      100%       2d13      1%          1
 Slow                     Hex            100%       N/A       1%          1
 Sting                    Conj/Alch      100%       1d9       1%          1
 Call Imp                 Summ           100%       N/A       1%          2
 Jinxbite                 Hex            100%       N/A       1%          2
 Mercury Vapours          Alch/Air       76%        N/A       1%          2
 Olgreb's Toxic Radiance  Alch           52%        N/A       2%          4
 Sticky Flame             Fire/Alch      53%        2d9       2%          4
 Cigotuvi's Dreadful Rot  Necr/Alch/Air  66%        N/A       3%          2
 Sublimation of Blood     Necr           24%        N/A       6%          2
 Cause Fear               Hex            28%        N/A       6%          4
 Martyr's Knell           Necr/Summ      46%        N/A       13%         4
 Leda's Liquefaction      Alch/Erth      19%        N/A       19%         4
 Alistair's Intoxication  Alch           34%        N/A       22%         5
 Dispel Undead            Necr           24%        3d12      38%         4
 Plasma Beam              Fire/Air       20%        2x1d32    52%         6
 Summon Hydra             Summ           31%        N/A       97%         7
 Enfeeble                 Hex            28%        N/A       99%         7
 Death Channel            Necr           12%        N/A       100%        6


Dungeon Overview and Level Annotations

Branches:
Dungeon (15/15)            Temple (1/1) D:4            Lair (5/5) D:10
  Swamp (1/4) Lair:3       Spider (0/4) Lair:2        Slime (0/5) Lair:4
    Orc (2/2) D:11            Elf (0/3) Orc:2        Vaults (0/5) D:14
 Depths (0/4) D:15        Ossuary (visited)

Altars:
Ashenzari
Cheibriados
Dithmenos
Elyvilon
Fedhas
Gozag
Hepliaklqana
Kikubaaqudgha
Makhleb
Nemelex Xobeh
Okawaru
Qazlal
Ru
Sif Muna
Trog
Uskayaw
Vehumet
Wu Jian
Xom
Yredelemnul
Zin
The Shining One

Shops:
D:3 *   D:14 (:(*   Orc:2 ([(?

Portals:
Trove: D:15 (give +3 storm dragon scales)

Annotations:
Swamp:1 Aizul


Message History

A four-headed hydra comes into view.
There is a staircase back to the Lair, spattered with blood here.
Unknown command.
Casting: Iskenderun's Mystic Blast (safe; 1% risk of failure)
Confirm with . or Enter, or press ? or * to list all spells.
You feel a surge of power!
You erupt in a blast of force!
The mystic blast hits the bunyip!!
The bunyip is moderately wounded.
The bunyip is knocked back by the mystic blast.
Unknown command.
Unknown command.
Unknown command.
Aizul coils herself and waves her upper body at you.
The bolt of poison hits you! You resist.
You climb upwards.
Welcome back to the Lair of Beasts!
There is a staircase to the Swamp here.
Unknown command.
Unknown command.
You start resting.
Magic restored.
You start resting.
HP restored.
Okay, then.
Okay, then.
Unknown command.
You climb downwards.
Welcome back to the Swamp!
This branch is noisy: sounds don't travel as far here.
This branch contains the decaying rune of Zot.
Level annotation: Aizul The bunyip completely misses you.
The bunyip claws you!! The bunyip claws you!
Aizul coils herself and waves her upper body at you.
The bolt of poison hits you! You resist.
The bolt of poison hits the four-headed hydra!
The four-headed hydra closely misses you.
The four-headed hydra bites you.
* * * LOW HITPOINT WARNING * * *
The four-headed hydra bites you!
* * * LOW HITPOINT WARNING * * *
The four-headed hydra bites you!
You die...

.~~♣~..♣♣ ♣♣♣♣
.~.....~♣♣♣.♣~♣
~♣.♣.$.~...~~♣.
~~..~~≈≈≈~~.♣..
~~..≈≈≈≈≈≈≈~.~~
~~~~≈≈≈≈≈≈≈~.~~
~~.≈≈≈x.~≈≈~.~~
~.~S≈≈.@D≈≈≈~.(
♣♣.≈≈≈..~≈≈~.>.
~..~≈≈≈≈~≈≈~~♣.
~~[.≈≈≈≈~≈≈~...
~....~≈≈≈~~....
♣~$♣...~...~§.~
~.~♣♣♣♣~♣~.~♣..
~~ ♣♣.~.~.♣.


You could see Aizul, a bunyip and a four-headed hydra.

Vanquished Creatures
  A tentacled monstrosity (Swamp:1)
  Frances (D:14)
  Gastronok (D:10)
  A frost giant (D:15)
  An orc warlord (Orc:2)
  An eleionoma (Lair:3)
  Snorg (Orc:2)
  2 crystal guardians (D:15)
  A vault guard (D:14)
  A fire dragon (D:15)
  Josephine (D:14)
  4 hydras
  The ghost of Ilaisokh the Summoner, a journeyman FeSu of Kikubaaqudgha (Lair:4)
  An ice dragon (Lair:5)
  5 centaur warriors
  2 catoblepae
  An ogre mage (D:15)
  A dancing weapon (D:14)
  2 tengu warriors (D:15)
  7 two-headed ogres
  6 boulder beetles
  8 death yaks
  3 orc high priests
  A fire crab (shapeshifter) (D:15)
  3 skysharks
  A spriggan druid (Swamp:1)
  An arcanist (D:13)
  A swamp dragon (Lair:5)
  A goliath frog (Swamp:1)
  A bog body (Swamp:1)
  5 lindwurms (Lair:5)
  Pikel (D:5)
  The ghost of cfcfcfcfcf the Sneak, a novice KoEn of Ru (D:8)
  A wolf spider (Lair:2)
  3 deep elf pyromancers
  An orange crystal statue (D:15)
  9 ugly things (D:14)
  2 orc knights
  4 orc sorcerers
  5 cyclopes
  21 elephants
  7 manticores
  3 meliai (D:14)
  4 black mambas
  3 torpor snails (Lair:5)
  6 kobold blastminers
  A gargoyle (D:12)
  4 orange demons (D:14)
  8 komodo dragons
  15 cane toads
  A rime drake (Lair:5)
  A kobold demonologist (D:9)
  2 efreet
  3 red devils (D:14)
  2 guardian mummies (D:15)
  3 trolls
  A hornet (D:10)
  2 dream sheep (Lair:5)
  12 blink frogs
  A vampire (D:12)
  5 wraiths
  3 spriggans (Swamp:1)
  2 shadows
  7 wyverns
  73 yaks
  A yak (shapeshifter) (D:14)
  A fire elemental (D:10)
  5 wargs
  4 basilisks
  A redback (Lair:2)
  3 steam dragons
  16 vampire mosquitoes
  Edmund (D:5)
  3 acid dragons
  14 water moccasins
  32 orc warriors
  3 swamp drakes (Lair:5)
  3 sky beasts
  4 black bears (Lair:1)
  10 ogres
  19 wolves
  3 boggarts (D:13)
  14 centaurs
  2 lemures (D:5)
  A phantom (D:6)
  2 kobold brigands (D:9)
  11 bullfrogs
  4 necrophages (Lair:3)
  2 scorpions
  An earth elemental (D:10)
  A gnoll sergeant (D:11)
  15 wights
  5 water moccasin zombies (Ossuary)
  A burial acolyte (Ossuary)
  15 killer bees
  2 electric eels
  8 jellies
  3 hounds
  19 orc priests
  2 spectral scorpions (Ossuary)
  Ijyb (D:4)
  6 iguanas
  35 orc wizards
  2 mummies (Ossuary)
  8 adders
  5 gnolls
  A shadow imp (D:5)
  2 white imps
  2 ufetubi (D:5)
  5 adder zombies (Ossuary)
  5 dart slugs
  2 ribbon worms (D:2)
  120 orcs
  5 ball pythons
  10 endoplasms
  2 giant cockroaches (D:1)
  5 gnoll zombies (Ossuary)
  6 goblins
  6 hobgoblins
  8 quokkas
  10 bats
  4 frilled lizards
  5 jackal zombies (Ossuary)
  15 kobolds
  3 orc zombies (Ossuary)
  5 rats
793 creatures vanquished.

Vanquished Creatures (others)
  A water elemental (D:10)
  An air elemental (D:10)
  262 fulminant prisms
264 creatures vanquished.

Grand Total: 1057 creatures vanquished

Notes
Turn   | Place    | Note
-------+----------+-------------------------------------------
     0 | D:1      | infcreate the Deep Elf Conjurer began the quest for the
                  | Orb.
     0 | D:1      | Reached XP level 1. HP: 10/10 MP: 6/6
   180 | D:1      | Reached XP level 2. HP: 15/15 MP: 6/8
   457 | D:1      | Reached XP level 3. HP: 11/19 MP: 4/9
   463 | D:1      | Learned a level 2 spell: Searing Ray
   949 | D:2      | Reached skill level 5 in Conjurations
  1031 | D:2      | Reached skill level 1 in Armour
  1273 | D:2      | Found a faded altar of an unknown god.
  1758 | D:2      | Reached XP level 4. HP: 24/24 MP: 8/11
  1936 | D:3      | Identified the +9 mace of Pagoun {heavy, Stlth+}
  1948 | D:3      | Learned a level 4 spell: Fulminant Prism
  2155 | D:3      | Noticed a scorpion
  2253 | D:3      | Killed a scorpion
  2254 | D:3      | Reached skill level 1 in Alchemy
  2254 | D:3      | Reached XP level 5. HP: 28/28 MP: 3/12
  2390 | D:3      | Found Gingokh's Assorted Antiques.
  2396 | D:3      | Bought a scroll labelled VIXTIUMO HIOMOWOCS for 26 gold
                  | pieces
  2396 | D:3      | Bought an emerald potion for 23 gold pieces
  2396 | D:3      | Bought a dark potion for 23 gold pieces
  2396 | D:3      | Bought an amethyst potion for 23 gold pieces
  2558 | D:3      | Found a stormy altar of Qazlal.
  2982 | D:4      | Learned a level 4 spell: Iskenderun's Mystic Blast
  3141 | D:4      | Found a sand-covered staircase.
  3209 | Ossuary  | Entered an ossuary
  3285 | Ossuary  | Reached skill level 6 in Conjurations
  3286 | Ossuary  | Reached XP level 6. HP: 32/32 MP: 4/13
  3671 | Ossuary  | Reached XP level 7. HP: 36/36 MP: 6/14
  3878 | Ossuary  | Reached skill level 7 in Conjurations
  4071 | D:4      | Reached skill level 5 in Dodging
  4145 | D:4      | Noticed Ijyb
  4163 | D:4      | Killed Ijyb
  4304 | D:3      | Bought 2 emerald potions for 46 gold pieces
  4790 | D:4      | Found a staircase to the Ecumenical Temple.
  4799 | Temple   | Entered the Ecumenical Temple
  4966 | D:4      | Reached XP level 8. HP: 41/41 MP: 11/15
  5246 | D:5      | Entered Level 5 of the Dungeon
  5277 | D:5      | Noticed Pikel
  5382 | D:5      | Reached skill level 8 in Conjurations
  5387 | D:5      | Noticed Edmund
  5740 | D:5      | Killed Pikel
  5741 | D:5      | Reached skill level 9 in Conjurations
  6575 | D:5      | Killed Edmund
  6576 | D:5      | Reached XP level 9. HP: 45/45 MP: 4/16
  7016 | D:6      | Found a bloodstained altar of Trog.
  7350 | D:6      | Found a snail-covered altar of Cheibriados.
  7352 | D:6      | Found a radiant altar of Vehumet.
  7390 | D:6      | Found a hazy altar of Hepliaklqana.
  7395 | D:6      | Became a worshipper of Vehumet
  7522 | D:6      | Reached skill level 10 in Conjurations
  8392 | D:7      | Reached skill level 5 in Spellcasting
  8625 | D:7      | Reached skill level 11 in Conjurations
  8704 | D:7      | Noticed a two-headed ogre
  8716 | D:7      | Killed a two-headed ogre
  8717 | D:7      | Reached skill level 1 in Fighting
  8717 | D:7      | Reached XP level 10. HP: 52/52 MP: 5/20
  8915 | D:7      | You fall into a shaft and drop 1 floor!
 10126 | D:8      | Reached * piety under Vehumet
 10126 | D:8      | Offered knowledge of Shock by Vehumet.
 10216 | D:8      | Found a runed translucent gate.
 10216 | D:8      | Found a runed translucent gate.
 10217 | D:8      | Found a runed translucent gate.
 10304 | D:8      | Noticed cfcfcfcfcf's ghost (novice KoEn)
 10510 | D:8      | Identified the +1 buckler "Bokith" {Int+5}
 10983 | D:9      | Reached skill level 1 in Fire Magic
 11190 | D:9      | Noticed a two-headed ogre
 11196 | D:9      | Killed a two-headed ogre
 11197 | D:9      | Reached skill level 1 in Shields
 11197 | D:9      | Reached skill level 12 in Conjurations
 11806 | D:9      | Offered knowledge of Momentum Strike by Vehumet.
 11809 | D:9      | Reached ** piety under Vehumet
 12547 | D:10     | Entered Level 10 of the Dungeon
 12557 | D:10     | Found a sacrificial altar of Ru.
 12923 | D:10     | Reached XP level 11. HP: 57/57 MP: 18/22
 13011 | D:10     | Offered knowledge of Hailstorm by Vehumet.
 13218 | D:10     | Found a large runed translucent door.
 13219 | D:10     | Found a large runed translucent door.
 13262 | D:10     | Found a staircase to the Lair.
 13264 | D:10     | Noticed Gastronok
 13354 | D:10     | Killed Gastronok
 13355 | D:10     | Reached skill level 13 in Conjurations
 13872 | D:8      | Reached skill level 10 in Dodging
 13877 | D:8      | Killed cfcfcfcfcf's ghost
 14166 | D:11     | Noticed a two-headed ogre
 14190 | D:11     | Killed a two-headed ogre
 14355 | D:11     | Found a staircase to the Orcish Mines.
 14601 | D:11     | Reached *** piety under Vehumet
 15475 | Lair:1   | Entered Level 1 of the Lair of Beasts
 15504 | Lair:1   | Reached skill level 14 in Conjurations
 15767 | Lair:1   | Offered knowledge of Olgreb's Toxic Radiance by Vehumet.
 15769 | Lair:1   | Reached XP level 12. HP: 53/62 MP: 16/25
 16282 | D:10     | Learned a level 6 spell: Starburst
 16622 | Lair:1   | Identified a scroll of acquirement
 16622 | Lair:1   | Acquired 864 gold pieces
 16676 | Lair:1   | Reached skill level 5 in Shields
 16822 | Lair:1   | Reached **** piety under Vehumet
 17336 | Lair:2   | Found a hole to the Spider Nest.
 17343 | Lair:2   | Reached skill level 15 in Conjurations
 17366 | Lair:2   | Noticed a seven-headed hydra
 17373 | Lair:2   | Killed a seven-headed hydra
 17508 | Lair:2   | Offered knowledge of Sticky Flame by Vehumet.
 17800 | Lair:2   | Noticed a death yak
 17806 | Lair:2   | Noticed a death yak
 17808 | Lair:2   | Noticed a death yak
 17810 | Lair:2   | Killed a death yak
 18339 | Lair:2   | Killed a death yak
 18339 | Lair:2   | Killed a death yak
 18340 | Lair:2   | Reached skill level 10 in Spellcasting
 18340 | Lair:2   | Reached XP level 13. HP: 59/66 MP: 13/29
 18723 | Lair:3   | Reached skill level 16 in Conjurations
 18891 | Lair:3   | Found a staircase to the Swamp.
 18897 | Lair:3   | Noticed an eleionoma
 18908 | Lair:3   | Killed an eleionoma
 19300 | Lair:3   | Identified the blade talisman of Purpose {*Corrode Dex+5}
 19380 | Lair:3   | Reached ***** piety under Vehumet
 19927 | Lair:4   | Offered knowledge of Spellforged Servitor by Vehumet.
 19936 | Lair:4   | Learned a level 7 spell: Spellforged Servitor
 20684 | Lair:4   | Found a staircase to the Slime Pits.
 20846 | Lair:4   | Found a runed translucent door.
 20847 | Lair:4   | Noticed Ilaisokh's ghost (journeyman FeSu)
 20959 | Lair:4   | Killed Ilaisokh's ghost
 21031 | Lair:4   | Identified the +8 morningstar "Rezaico" {speed, Int+2}
 21053 | Lair:5   | Entered Level 5 of the Lair of Beasts
 21852 | Lair:5   | Reached skill level 17 in Conjurations
 22496 | Lair:5   | Reached XP level 14. HP: 71/71 MP: 20/31
 23290 | Lair:5   | Reached skill level 18 in Conjurations
 23640 | Lair:5   | Got Zuhah's Reference Book on Destruction
 23647 | Lair:5   | Learned a level 5 spell: Freezing Cloud
 23871 | Lair:5   | Reached skill level 1 in Summonings
 24437 | Lair:5   | Found the +12 glaive of Prune {freeze, Prune}
 24652 | Orc:1    | Entered Level 1 of the Orcish Mines
 24877 | Orc:2    | Entered Level 2 of the Orcish Mines
 24877 | Orc:2    | Noticed Snorg
 24882 | Orc:2    | Killed Snorg
 25573 | Orc:2    | Offered knowledge of Ignite Poison by Vehumet.
 25885 | Orc:2    | Reached skill level 5 in Armour
 26357 | Orc:1    | Found an iron altar of Okawaru.
 26881 | Orc:2    | Found a staircase to the Elven Halls.
 26944 | Orc:2    | Offered knowledge of Arcjolt by Vehumet.
 27525 | D:3      | Bought a scratched sapphire ring for 130 gold pieces
 27806 | Orc:2    | Found Xuetu's Magic Scroll Shop.
 27814 | Orc:2    | Bought a scroll of teleportation for 30 gold pieces
 27814 | Orc:2    | Bought a scroll of poison for 40 gold pieces
 27814 | Orc:2    | Bought a scroll of identify for 20 gold pieces
 27814 | Orc:2    | Bought a scroll of amnesia for 40 gold pieces
 27873 | Orc:2    | Found Zal Xuocs's Weapon Emporium.
 28063 | Orc:2    | Noticed an orc warlord
 28077 | Orc:2    | Killed an orc warlord
 28078 | Orc:2    | Reached XP level 15. HP: 75/75 MP: 11/34
 28388 | Orc:2    | Found Xailudwi's Antique Weapon Shoppe.
 28432 | Orc:2    | Found Ogyz's Antique Armour Emporium.
 28437 | Orc:2    | Bought a runed leather armour for 165 gold pieces
 28437 | Orc:2    | Bought a masterwork leather armour for 231 gold pieces
 28437 | Orc:2    | Identified the +2 leather armour of the Soldier {Int+3}
                  | (You bought it in a shop on level 2 of the Orcish Mines)
 28680 | D:12     | Reached skill level 19 in Conjurations
 30176 | D:13     | Offered knowledge of Fireball by Vehumet.
 30177 | D:13     | Reached skill level 15 in Dodging
 30437 | D:13     | Reached skill level 5 in Summonings
 31190 | D:14     | Reached ****** piety under Vehumet
 31370 | D:14     | Noticed Josephine
 31378 | D:14     | Killed Josephine
 31454 | D:14     | Found Magroaw's Book Emporium.
 31463 | D:14     | Bought a book of Misfortune for 442 gold pieces
 31469 | D:14     | Learned a level 5 spell: Yara's Violent Unravelling
 31518 | D:14     | Found Rinnoamio's Antique Weapon Shoppe.
 31727 | D:14     | Found Suj Binu's General Store.
 31731 | D:14     | Bought a +0 helmet of see invisible for 161 gold pieces
 31731 | D:14     | Bought a scroll of teleportation for 42 gold pieces
 31759 | D:14     | Noticed Frances
 31764 | D:14     | Reached skill level 1 in Hexes
 31767 | D:14     | Killed Frances
 31945 | D:14     | Found a gate to the Vaults.
 32250 | D:14     | Found Geotwobb's Weapon Emporium.
 32369 | D:15     | Entered Level 15 of the Dungeon
 32418 | D:15     | Reached skill level 20 in Conjurations
 32591 | D:15     | Found a runed translucent door.
 32953 | D:15     | Offered knowledge of Irradiate by Vehumet.
 33198 | D:15     | Found a portal to a secret trove of treasure.
 33332 | D:15     | Found a staircase to the Depths.
 33332 | D:15     | Noticed a frost giant
 33336 | D:15     | Killed a frost giant
 33721 | D:15     | Got the Discursus on the Poisonous Faeries
 34016 | Swamp:1  | Entered Level 1 of the Swamp
 34020 | Swamp:1  | Noticed a tentacled monstrosity
 34024 | Swamp:1  | Reached XP level 16. HP: 52/80 MP: 14/35
 34028 | Swamp:1  | Killed a tentacled monstrosity
 34245 | Swamp:1  | Identified the serpent talisman of Mogiluno {rN+ rCorr
                  | Dex+3 Stlth+}
 34245 | Swamp:1  | Noticed Aizul
 34401 | Swamp:1  | Slain by a four-headed hydra

Illustrated notes

Levels and vault maps discovered:
D:1:      giann_horns, layout_rooms
D:2:      layout_basic, shapermc_ecumenical_altar_pompeii
D:3:      layout_loops_ring, mainiacjoe_overflow_tiny_flanked, serial_shops,
          nicolae_shop_overgrown_old_shop
D:4:      minmay_door_path, layout_loops_ring, minmay_temple_entry_poolview,
          chequers_ossuary_entry_cave, serial_bayou_crossing, uniq_ijyb
D:5:      layout_loops_ring, uniq_pikel, uniq_edmund
D:6:      layout_loops_ring, grunt_temple_overflow_open
D:7:      layout_basic
D:8:      layout_basic, gammafunk_ghost_spectres, lightli_orcish_oven
D:9:      layout_cave_pods, fountainhead
D:10:     layout_irregular_city, nicolae_ru_great_annihilating_truth,
          lair_entry_dummy, roderic_batcave, serial_bayou_lagoon_a, hex_large,
          lightli_elemental_guards, uniq_gastronok
D:11:     layout_loops_ring, orc_0_dummy
D:12:     layout_cave_pods
D:13:     layout_layer_cave
D:14:     layout_roguey, erik_vaults_1, serial_shops,
          nicolae_book_shop_shelving, shop, shop, shop,
          minmay_tree_intersection, minmay_beelzebubs_servants, uniq_josephine,
          uniq_frances
D:15:     grunt_enter_depths_snipers, layout_rooms,
          nicolae_trove_entry_path_of_doom, minmay_crystal_box
Temple:   nicolae_temple_bog_church
Lair:1:   layout_chaotic_city, beast_lair_carwin_7, grunt_megastairs_1
Lair:2:   layout_regular_city, spider_nest_entry_rubble
Lair:3:   layout_chaotic_city, alex1729_swamp_entry_worm_eleionoma,
          roderic_carrion_pond, serial_bayou_ford_a, patterned_corridor,
          grunt_megastairs_2
Lair:4:   layout_gridlike, nicolae_slime_entry_slimehenge,
          ebering_ghost_reflecting_pool, serial_bayou_shore_b
Lair:5:   guppyfry_lair_end_dragon, layout_long_grid, hangedman_lair_in_review,
          minmay_lindwurm_lava
Swamp:1:  layout_falls_marsh, infiniplex_staircase_pool_2, uniq_aizul
Orc:1:    layout_caves, okawaru_metal_pillars_1_2
Orc:2:    grunt_orc_community_town_hall, layout_diamond_mine,
          grunt_orc_community_big_house_1, grunt_orc_community_big_house_1,
          grunt_orc_community_house_2, grunt_orc_community_house_3,
          grunt_orc_community_house_3, grunt_orc_community_house_3,
          grunt_orc_community_house_3, grunt_orc_community_house_2, uniq_snorg

Skill      XL: |  1  2  3  4  5  6  7  8  9 10 11 12 13 14 15 16 |
---------------+-------------------------------------------------+-----
Dodging        | 3 4 5 6 8 9 11 12 13 14 15 | 15.9
Conjurations   | 5 6 7 9 11 12 14 15 17 18 20 | 20.4
Armour         | 1 2 3 4 5 6 7 |  7.0
Alchemy        | 1 2 3 4 |  4.0
Translocations | 2 4 |  4.0
Spellcasting   | 5 6 7 10 11 13 | 13.0
Fighting       | 1 |  1.6
Fire Magic     | 3 4 |  4.5
Shields        | 2 4 6 7 8 |  8.0
Summonings     | 3 5 |  5.9
Hexes          | 4 |  4.7
Stealth        | |  2.4

Action                     |  1- 3 |  4- 6 |  7- 9 | 10-12 | 13-15 | 16-18 || total
---------------------------+-------+-------+-------+-------+-------+-------++-------
  Melee: Dagger            |       |       |     9 |     9 |       |       ||    18
         Staff             |       |       |       |    28 |     2 |       ||    30
   Cast: Magic Dart        |    65 |    36 |    49 |    46 |    29 |       ||   225
         Searing Ray       |     3 |    23 |    42 |    42 |    47 |       ||   157
         Fulminant Prism   |       |     2 |    51 |    96 |   110 |     3 ||   262
         Iskenderun's Myst |       |       |     1 |    49 |   109 |     4 ||   163
         Starburst         |       |       |       |    22 |   118 |     4 ||   144
         Freezing Cloud    |       |       |       |       |   116 |     1 ||   117
         Yara's Violent Un |       |       |       |       |     2 |     2 ||     4
  Evoke: Wand              |       |       |     6 |     5 |     1 |     3 ||    15
    Use: Scroll            |       |    11 |     5 |     9 |     5 |       ||    30
         Potion            |       |       |       |     1 |     1 |       ||     2
 Armour: Robe              |     2 |       |       |       |       |       ||     2
         Leather armour    |       |    17 |    18 |       |     3 |    14 ||    52
         Steam dragon scal |       |       |     2 |    68 |    24 |       ||    94
         Troll leather arm |       |       |       |       |    49 |       ||    49
  Dodge: Dodged            |     1 |     8 |    39 |    91 |   120 |     7 ||   266
  Block: Buckler           |       |       |       |    30 |    34 |     8 ||    72
